 Dungeon Crawl Stone Soup version 0.29-a0-598-gd8304a5bf4 (webtiles) character file.

Game seed: 9965724089482439427

15564 YayAnonymity the Cleaver (level 12, -8/92 HPs)
             Began as a Formicid Fighter on June 16, 2022.
             Was a High Priest of Okawaru.
             Mangled by a very large slime creature (23 damage)
             ... on level 12 of the Dungeon.
             The game lasted 00:23:39 (11829 turns).

YayAnonymity the Cleaver (Formicid Fighter)        Turns: 11829, Time: 00:23:40

Health: -8/92      AC: 22    Str: 25    XL:     12   Next: 59%
Magic:  19/19      EV: 12    Int: 11    God:    Okawaru [*****.]
Gold:   105        SH:  8    Dex: 13    Spells: 11/11 levels left

rFire   . . .      SeeInvis +   a - +3 battleaxe
rCold   . . .      Faith    .   c - +1 buckler
rNeg    . . .      Spirit   .   r - +6 chain mail of Exclusion {Str+2}
rPois   .          Reflect  .   (helmet unavailable)
rElec   .          Harm     .   x - +1 cloak
rCorr   .          Rampage  .   (no gloves)
Will    ++...                   H - +2 pair of boots
Stlth   ..........              p - amulet of regeneration
HPRegen 1.05/turn               o - ring of willpower
MPRegen 0.16/turn               l - +4 ring of evasion

@: no status effects
A: permanent stasis, dig shafts and tunnels, antennae 3, four strong arms
a: Dig, Shaft Self, Renounce Religion, Heroism, Finesse, Duel


You were on level 12 of the Dungeon.
You worshipped Okawaru.
Okawaru was extremely pleased with you.
You visited 2 branches of the dungeon, and saw 13 of its levels.

You collected 485 gold pieces.
You spent 364 gold pieces at shops.
You donated 16 gold pieces to Zin.

Inventory:

Hand Weapons
 a - a +3 battleaxe (weapon)
 b - a +0 vorpal dire flail
Missiles
 d - 3 javelins
 h - a throwing net
 t - 57 poisoned darts (quivered)
 y - 3 curare-tipped darts
 F - 3 atropa-tipped darts
Armour
 c - a +1 buckler (worn)
 r - the +6 chain mail of Exclusion (worn) {Str+2}
   (You found it on level 3 of the Dungeon)

   Str:       It affects your strength (+2).
 x - a +1 cloak (worn)
 A - a +1 scale mail of willpower
 H - a +2 pair of boots (worn)
Jewellery
 e - a ring of positive energy
 l - a +4 ring of evasion (right hand)
 o - a ring of willpower (left hand)
 p - an amulet of regeneration (around neck)
Wands
 k - a wand of polymorph (6)
 z - a wand of mindburst (30)
 C - a wand of iceblast (12)
 G - a wand of digging (3)
Scrolls
 m - 3 scrolls of fear
 v - 2 scrolls of poison
Potions
 f - 2 potions of lignification
 g - 7 potions of curing
 i - 2 potions of brilliance
 j - 2 potions of magic
 n - a potion of resistance
 q - 3 potions of mutation
 s - 2 potions of flight
 u - 3 potions of ambrosia
 w - 2 potions of might
 D - 5 potions of heal wounds


   Skills:
 - Level 8.0 Fighting
 * Level 11.9 Axes
 + Level 5.7 Throwing
 - Level 8.0 Armour
 + Level 11.5 Shields
 + Level 9.5 Invocations


You had 11 spell levels left.
You didn't know any spells.
Your spell library contained the following spells:

 Spells                   Type           Power      Damage    Failure   Level
 Scorch                   Fire           0%         2d5       98%         2
 Frozen Ramparts          Ice            0%         1d2       100%        3
 Inner Flame              Hex/Fire       0%         N/A       100%        3
 Lesser Beckoning         Tloc           0%         N/A       100%        3
 Cause Fear               Hex            0%         N/A       100%        4
 Flame Wave               Conj/Fire      0%         2d4       100%        4
 Ice Form                 Ice/Tmut       0%         N/A       100%        4
 Manifold Assault         Tloc           0%         N/A       100%        5
 Dispersal                Tloc           0%         N/A       100%        6
 Discord                  Hex            0%         N/A       100%        8
 Disjunction              Tloc           0%         N/A       100%        8
 Blink                    Tloc           Unusable   N/A       N/A         2
 Summon Ice Beast         Ice/Summ       Unusable   N/A       N/A         4
 Summon Cactus Giant      Summ           Unusable   N/A       N/A         6

Dungeon Overview and Level Annotations

Branches:
Dungeon (12/15)            Temple (1/1) D:5            Lair (0/6) D:11
    Orc: D:9-12

Altars:
Ashenzari
Cheibriados
Dithmenos
Elyvilon
Fedhas
Gozag
Hepliaklqana
Kikubaaqudgha
Makhleb
Nemelex Xobeh
Okawaru
Qazlal
Ru
Sif Muna
Trog
Uskayaw
Vehumet
Wu Jian
Xom
Yredelemnul
Zin
The Shining One

Shops:
D:7 [   D:10 (   D:11 *


Innate Abilities, Weirdness & Mutations

You cannot be hasted, slowed, berserked, paralysed or teleported.
You can dig through walls and to a lower floor.
You have a pair of large antennae on your head. (SInv)
Your four strong arms can wield two-handed weapons with a shield.


Message History

The slime creature is almost dead.
You barely miss the slime creature. The slime creature hits you.
The slime creature hits you but does no damage.
You hit the slime creature.
The slime creature is almost dead.
You slash the slime creature!
Two slime creatures merge to form a large slime creature.
The slime creature closely misses you.
The slime creature hits you but does no damage.
The slime creature hits you! You block the slime creature's attack.
A large slime creature splits.
You block the slime creature's attack.
You barely miss the slime creature.
The slime creature is almost dead.
You slash the slime creature! You hit the slime creature.
The slime creature hits you!
The slime creature hits you but does no damage.
Two slime creatures merge to form a large slime creature.
Two slime creatures merge to form a very large slime creature.
You slice the slime creature!!
You kill the slime creature!
Okawaru accepts your kill.
You slash the very large slime creature!
You slash the slime creature!
The very large slime creature hits you!!
The slime creature closely misses you.
You are too injured to fight recklessly!
You are too injured to fight recklessly!
You are too injured to fight recklessly!
You are too injured to fight recklessly!
You slice the very large slime creature!!
The very large slime creature is moderately wounded.
You slash the slime creature!
The very large slime creature hits you!!
* * * LOW HITPOINT WARNING * * *
You block the slime creature's attack.
You barely miss the very large slime creature.
The very large slime creature is moderately wounded.
You hit the slime creature.
The very large slime creature hits you!!
You die...

......+ ###...# #...# .
#.<.#.⌠.# ###+###..
#...#...# #........
#####...# #........
#####...######........
###.#.....#.....JJ......
#...#.....#.....@.......
....#.....#..####.......
....#'#####..# #######
.............#
....########## ....#
....# ..### ###


You could see a very large slime creature and a slime creature.

Vanquished Creatures
  A hydra (D:11)
  3 two-headed ogres
  A cyclops (D:11)
  A gargoyle (D:10)
  4 kobold demonologists (D:7)
  2 unseen horrors
  2 trolls
  A slime creature (D:12)
  4 dream sheep
  Sigmund (D:4)
  A wraith (D:11)
  3 shadows
  3 wyverns
  3 yaks (D:9)
  A basilisk (D:11)
  2 vampire mosquitoes (D:12)
  An acid dragon (D:7)
  3 orc warriors
  An ice beast (D:5)
  6 black bears
  4 ogres
  10 centaurs
  11 kobold brigands
  Blork the orc (D:4)
  3 scorpions
  4 bullfrogs
  2 gnoll sergeants
  3 necrophages
  9 wights
  42 killer bees
  11 howler monkeys
  3 gnoll shamans
  4 orc priests
  4 hounds
  Crazy Yiuf (D:4)
  Terence (D:3)
  4 iguanas
  Natasha (thrice) (D:3)
  10 orc wizards
  Robin (D:3)
  19 gnolls
  4 adders
  A shadow imp (D:8)
  5 white imps
  A worm (D:3)
  34 orcs
  6 ball pythons
  5 endoplasms
  A giant cockroach (D:4)
  18 goblins
  6 hobgoblins
  5 jackals
  31 kobolds
  A quokka (D:1)
  3 bats
  5 frilled lizards
  5 rats
325 creatures vanquished.

Vanquished Creatures (others)
  47 fungi (D:11)
  43 plants (D:11)
90 creatures vanquished.

Grand Total: 415 creatures vanquished

Notes
Turn   | Place    | Note
-------+----------+-------------------------------------------
     0 | D:1      | YayAnonymity the Formicid Fighter began the quest for the
                  | Orb.
     0 | D:1      | Reached XP level 1. HP: 18/18 MP: 1/1
   254 | D:1      | Reached XP level 2. HP: 24/24 MP: 2/2
   625 | D:1      | Reached XP level 3. HP: 29/29 MP: 3/3
   875 | D:2      | Found a faded altar of an unknown god.
  1083 | D:2      | Found a glowing silver altar of Zin.
  1215 | D:2      | Became a worshipper of Zin the Law-Giver
  1693 | D:3      | Identified the +6 chain mail of Exclusion {Str+2}
  1710 | D:3      | Noticed Natasha
  1719 | D:3      | Killed Natasha
  1720 | D:3      | Reached XP level 4. HP: 26/37 MP: 4/4
  1724 | D:3      | Noticed Natasha
  1729 | D:3      | Killed Natasha
  1738 | D:3      | Noticed Natasha
  1747 | D:3      | Killed Natasha
  1748 | D:3      | Reached skill level 1 in Invocations
  1748 | D:3      | Reached XP level 5. HP: 32/42 MP: 5/5
  1867 | D:3      | Reached * piety under Zin
  2020 | D:3      | Noticed Robin
  2054 | D:3      | Killed Robin
  2099 | D:3      | Noticed Terence
  2106 | D:3      | Killed Terence
  2107 | D:3      | Reached skill level 5 in Shields
  2296 | D:4      | Noticed Blork the orc
  2310 | D:4      | Killed Blork the orc
  2311 | D:4      | Reached XP level 6. HP: 17/48 MP: 7/7
  2844 | D:4      | Noticed Sigmund
  2852 | D:4      | Reached XP level 7. HP: 43/54 MP: 7/9
  2863 | D:4      | Killed Sigmund
  2864 | D:4      | Reached skill level 5 in Axes
  3209 | D:4      | Found a runed translucent door.
  3210 | D:4      | Noticed Crazy Yiuf
  3628 | D:4      | Found a sparkling altar of Nemelex Xobeh.
  3687 | D:4      | Killed Crazy Yiuf
  3858 | D:5      | Entered Level 5 of the Dungeon
  3865 | D:5      | Reached XP level 8. HP: 57/60 MP: 10/10
  4010 | D:5      | Found a staircase to the Ecumenical Temple.
  4026 | Temple   | Entered the Ecumenical Temple
  4062 | Temple   | Fell from the grace of Zin
  4062 | Temple   | Became a worshipper of Warmaster Okawaru
  4880 | D:6      | Reached skill level 5 in Invocations
  5163 | D:6      | Reached XP level 9. HP: 62/65 MP: 13/13
  5321 | D:5      | Reached * piety under Okawaru
  5753 | D:6      | HP: 2/65 [gnoll sergeant/+3 spear of flaming (2)]
  6633 | D:7      | Reached ** piety under Okawaru
  6674 | D:7      | Found Gunne's Antique Armour Boutique.
  6683 | D:7      | Bought a glowing cloak for 172 gold pieces
  6737 | D:7      | Reached skill level 5 in Armour
  6820 | D:7      | Reached skill level 5 in Fighting
  6829 | D:7      | Noticed a kobold demonologist
  6842 | D:7      | Killed a kobold demonologist
  6843 | D:7      | Reached skill level 1 in Throwing
  6843 | D:7      | Reached XP level 10. HP: 74/74 MP: 13/15
  6895 | D:7      | Noticed a kobold demonologist
  6898 | D:7      | Noticed a kobold demonologist
  6900 | D:7      | Noticed a smoke demon
  6911 | D:7      | Killed a kobold demonologist
  6914 | D:7      | Noticed an orange demon
  6914 | D:7      | Noticed a kobold demonologist
  6917 | D:7      | Noticed a sixfirhy
  6921 | D:7      | Noticed a sixfirhy
  6924 | D:7      | Noticed an orange demon
  6930 | D:7      | Killed a kobold demonologist
  6957 | D:7      | Killed a kobold demonologist
  6963 | D:7      | Reached *** piety under Okawaru
  7570 | D:7      | Found the +7 Throatcutter {drain, coup de grace}
  8774 | D:9      | Noticed a two-headed ogre
  8805 | D:8      | HP: 2/76 [two-headed ogre/+0 giant spiked club (12)]
  8806 | D:8      | Killed a two-headed ogre
  8806 | D:8      | Reached **** piety under Okawaru
  8807 | D:8      | Reached skill level 10 in Axes
  8807 | D:8      | Reached XP level 11. HP: 3/83 MP: 16/16
  8914 | D:9      | Reached skill level 10 in Shields
  9323 | D:9      | Reached ***** piety under Okawaru
  9568 | D:10     | Entered Level 10 of the Dungeon
  9683 | D:10     | Found Qoqirocw's Weapon Emporium.
  9716 | D:10     | Noticed a two-headed ogre
  9722 | D:10     | Killed a two-headed ogre
  9894 | D:10     | Received a gift from Okawaru
 10029 | D:10     | Received a gift from Okawaru
 10171 | D:10     | Noticed an elephant
 10286 | D:10     | Identified the +8 falchion "Viged" {vorpal, *Slow rN++
                  | Str-5 Dex+8}
 10792 | D:11     | Reached XP level 12. HP: 89/91 MP: 18/18
 10860 | D:11     | Reached skill level 5 in Throwing
 10864 | D:11     | Noticed a two-headed ogre
 10918 | D:11     | Killed a two-headed ogre
 11082 | D:11     | Found Gubraonu's Assorted Antiques.
 11085 | D:11     | Bought a scroll of identify for 64 gold pieces
 11085 | D:11     | Bought a scroll of identify for 64 gold pieces
 11085 | D:11     | Bought a scroll of identify for 64 gold pieces
 11147 | D:11     | Found a staircase to the Lair.
 11372 | D:11     | Noticed a six-headed hydra
 11384 | D:11     | Killed a six-headed hydra
 11685 | D:12     | Identified the +0 plate armour of Ysyjacag {Str+5} (Okawaru
                  | gifted it to you on level 12 of the Dungeon)
 11685 | D:12     | Received a gift from Okawaru
 11829 | D:12     | Mangled by a very large slime creature

Illustrated notes

Levels and vault maps discovered:
D:1:      grunt_arrival_crossed_arrows, layout_basic
D:2:      layout_loops_ring, basic_altar, ebering_ecumenical_altar_sacrificial
D:3:      layout_rooms, nicolae_figureground_sparkle, uniq_robin, uniq_natasha,
          uniq_terence
D:4:      layout_basic, nemelex_diamond_rough_becter, uniq_blork_the_orc,
          uniq_sigmund, uniq_crazy_yiuf_cottage
D:5:      layout_rooms, minmay_temple_entry_butterflies, grunt_ministairs_10,
          chequers_serial_rivers_small_b, nicolae_underground_beach
D:6:      layout_basic, minmay_misc_feat_ornament, grunt_ministairs_11
D:7:      layout_basic, enter_bailey_2, serial_shops,
          nicolae_shop_advertising_works [nicolae_subvault_shop_adworks],
          dilly_guarded_unrand_throatcut
D:8:      layout_gridville, minmay_fractal_squares_diagonal_5
D:9:      layout_basic, skrybe_limestone_x
D:10:     wad_woods_minihive, layout_loops_ring, serial_rivers,
          chequers_serial_rivers_small_3, chequers_serial_rivers_micro_e,
          chequers_serial_rivers_micro_b, chequers_serial_rivers_micro_c,
          chequers_serial_rivers_micro_a, chequers_serial_rivers_room_a,
          serial_shops, nicolae_shop_bloodbath_and_beyond, kennysheep_cross_room
D:11:     layout_loops_ring, due_lair_maze_entry_diamond, serial_shops,
          kennysheep_mini, dreamdust_gnoll_shepherd
D:12:     layout_irregular_city, david_orc_1_choice,
          nicolae_elevator_lobby_plus, uniq_urug, uniq_snorg
Temple:   nicolae_temple_the_god_donut

Skill      XL: |  1  2  3  4  5  6  7  8  9 10 11 12 |
---------------+-------------------------------------+-----
Axes           | 3 4 5 7 8 10 11 | 11.9
Invocations    | 1 2 3 5 6 7 8 9 |  9.5
Fighting       | 4 5 6 7 8 |  8.0
Armour         | 4 5 6 7 8 |  8.0
Shields        | 5 6 7 8 9 10 11 | 11.5
Throwing       | 1 3 4 5 |  5.7

Action                   |  1- 3 |  4- 6 |  7- 9 | 10-12 || total
-------------------------+-------+-------+-------+-------++-------
Melee: War axe           |    95 |   138 |   344 |   291 ||   868
       Battleaxe         |       |       |       |   317 ||   317
       Dire flail        |       |       |       |    10 ||    10
Throw: Dart              |       |       |       |     4 ||     4
Invok: Heroism           |       |       |     1 |     3 ||     4
       Finesse           |       |       |       |     1 ||     1
 Abil: Dig               |       |     1 |     1 |     1 ||     3
  Use: Scroll            |       |     9 |     5 |     8 ||    22
       Potion            |       |     1 |       |     2 ||     3
Armor: Scale mail        |    46 |       |       |       ||    46
       Chain mail        |     2 |    58 |   152 |   368 ||   580
Dodge: Dodged            |    43 |    47 |   175 |   425 ||   690
Block: Buckler           |    21 |    35 |   131 |   316 ||   503

Table legend: (Time is in decaauts)
 A = Elapsed time spent in this place.
 B = Non-inter-level travel time spent in this place.
 C = Inter-level travel time spent in this place.
 D = Time resting spent in this place.
 E = Time spent auto-exploring this place.
 F = Levels seen in this place.
 G = Mean time per level.
                   A        B        C        D        E       F      G
               +--------+--------+--------+--------+--------+-----+--------+
         Total |  11992 |  11425 |    567 |   1137 |   7331 |  13 |  922.5 |
       Dungeon |  11687 |  11146 |    541 |   1137 |   7076 |  12 |  973.9 |
        Temple |    304 |    278 |     26 |      0 |    255 |   1 |  304.0 |
               +--------+--------+--------+--------+--------+-----+--------+

Top non-repeatable levels by time:
     D:4: 1678 daAuts
     D:7: 1366 daAuts
     D:6: 1295 daAuts
    D:10: 1218 daAuts
     D:5: 1045 daAuts
     D:8: 989 daAuts
     D:2: 870 daAuts
     D:1: 828 daAuts
    D:11: 816 daAuts
     D:9: 797 daAuts
     D:3: 597 daAuts
  Temple: 304 daAuts
    D:12: 185 daAuts
